Map: Blackburn LE

Players

Pumba - Winner!

  • Race: Zerg Zerg
  • League: Master
  • Spawn Location: 5:00

Galeforce

  • Race: Protoss Protoss
  • League: Master
  • Spawn Location: 7:00

VOD

Have the link to the VOD?

Description

Time

  • Played on: Sept. 7, 2021, 6:37 p.m.
  • Length: 8:35
Show
View Real Time Build Order
Export as new Build Order

Pumba Zerg - Winner!

Build Orders: Hatch First 

Get SALT Encoding   

  12  0:00  Drone  
  13  0:12  Overlord  
  13  0:17  Drone  
  14  0:31  Drone x2  
  16  0:49  Hatchery  
  15  0:53  Drone  
  16  0:58  Drone  
  17  1:10  Extractor  
  16  1:12  Spawning Pool  
  16  1:14  Drone  
  16  1:20  Drone  
  16  1:23  Drone  
  18  1:28  Drone  
  19  1:40  Drone  
  20  1:50  Overlord  
  20  2:00  Queen  
  22  2:01  Queen  
  22  2:02  Zergling x2  
  22  2:05  Zergling x2  
  26  2:12  Metabolic Boost  
  26  2:14  Drone  
  27  2:20  Drone  
  28  2:32  Drone x2  
  30  2:37  Drone x2  
  32  2:48  Hatchery  
  31  2:54  Zergling x4  
  31  2:56  Overlord  
  33  3:03  Drone  
  33  3:09  Drone  
  33  3:10  Drone  
  35  3:14  Drone x3  
  35  3:15  Drone x2  
  40  3:23  Queen  
  42  3:34  Zergling x6  
  44  3:45  Overlord x2  
  44  4:01  Drone x6  
  50  4:03  Queen  
  50  4:06  Drone  
  50  4:07  Lair  
  50  4:09  Extractor  
  51  4:10  Drone  
  51  4:11  Extractor  
  51  4:14  Drone x2  
  51  4:21  Drone x2  
  53  4:26  Drone x3  
  53  4:30  Extractor, Overlord  
  55  4:33  Spore Crawler  
  55  4:35  Spore Crawler  
  53  4:39  Drone x5  
  57  4:52  Drone x6  
  63  5:01  Overlord x3  
  63  5:13  Drone x3  
  63  5:14  Hydralisk Den  
  65  5:16  Extractor  
  65  5:17  Extractor  
  63  5:29  Drone x3  
  63  5:30  Drone x3  
  63  5:35  Overseer  
  68  5:40  Overseer  
  68  5:47  Drone x2  
  70  5:50  Muscular Augments  
  70  5:51  Overlord x3  
  70  5:52  Hydralisk x5, Overlord  
  80  6:03  Hydralisk x5  
  90  6:09  Overlord x2  
  90  6:29  Hydralisk x9  
  108  6:37  Overlord  
  108  6:39  Baneling Nest  
  106  6:40  Overlord  
  106  6:41  Overlord  
  106  6:44  Hydralisk x3  
  112  6:53  Overlord  
  112  7:01  Grooved Spines, Hydralisk x2  
  112  7:02  Hydralisk x4  
  124  7:13  Zergling x6  
  124  7:14  Zergling x10  
  132  7:31  Zergling x6  
  135  7:39  Zergling x16  
  135  7:42  Baneling x8  
  135  7:43  Baneling  
  135  7:44  Baneling x6  
  143  7:46  Baneling  
  143  7:51  Zergling x12  
  149  7:59  Zergling x4  
  151  8:08  Hatchery  
Show
View Real Time Build Order
Export as new Build Order

Galeforce Protoss 

Build Orders: 1 Gate Expand 

Get SALT Encoding   

  12  0:00  Probe  
  13  0:12  Probe  
  14  0:18  Pylon  
  14  0:24  Probe  
  15  0:36  Probe (Chrono Boost)  
  15  0:40  Gateway  
  16  0:44  Assimilator  
  16  0:49  Probe (Chrono Boost)  
  17  0:54  Probe (Chrono Boost)  
  19  1:04  Probe  
  19  1:16  Probe  
  20  1:29  Nexus  
  20  1:35  Cybernetics Core  
  20  1:36  Probe  
  21  1:42  Assimilator  
  21  1:49  Pylon  
  21  1:52  Probe  
  22  2:09  Probe  
  22  2:10  Adept (Chrono Boost)  
  25  2:21  Probe  
  25  2:22  Stargate  
  26  2:33  Adept  
  26  2:36  Warp Gate  
  28  2:39  Probe (Chrono Boost)  
  28  2:42  Probe (Chrono Boost)  
  31  2:51  Probe (Chrono Boost)  
  31  2:54  Probe (Chrono Boost)  
  32  3:00  Probe x2 (Chrono Boost)  
  34  3:05  Probe  
  34  3:07  Void Ray (Chrono Boost)  
  34  3:08  Probe  
  40  3:17  Probe  
  41  3:20  Probe  
  41  3:29  Probe  
  41  3:36  Gateway  
  42  3:42  Probe  
  42  3:45  Void Ray  
  42  3:47  Pylon  
  46  3:58  Nexus  
  46  4:00  Pylon  
  46  4:12  Pylon  
  46  4:20  Nexus  
  46  4:22  Shield Battery  
  46  4:27  Probe x2  
  46  4:30  Adept  
  50  4:37  Void Ray  
  54  4:39  Probe x2  
  54  4:40  Assimilator  
  54  4:45  Assimilator  
  56  4:48  Pylon  
  56  4:51  Probe x2, Stargate  
  58  5:03  Probe x2  
  60  5:15  Probe x2  
  60  5:18  Protoss Air Weapons Level 1  
  60  5:21  Void Ray  
  66  5:28  Probe x2 (Chrono Boost)  
  68  5:31  Pylon  
  68  5:33  Probe (Chrono Boost), Pylon x2  
  69  5:40  Probe x2 (Chrono Boost)  
  69  5:42  Void Ray  
  75  5:45  Probe x2 (Chrono Boost)  
  75  5:46  Probe (Chrono Boost)  
  78  5:53  Twilight Council  
  78  5:56  Probe x2  
  80  5:57  Probe  
  81  6:08  Probe, Fleet Beacon  
  81  6:09  Probe  
  83  6:11  Probe  
  84  6:20  Probe  
  84  6:21  Probe  
  84  6:23  Probe  
  87  6:32  Probe  
  88  6:33  Charge (Chrono Boost), Probe  
  88  6:38  Assimilator  
  88  6:39  Gateway  
  89  6:40  Gateway  
  89  6:44  Assimilator  
  89  6:46  Shield Battery, Gateway  
  88  6:47  Shield Battery, Gateway  
  88  6:49  Shield Battery  
  88  6:53  Gateway  
  88  6:57  Zealot  
  88  6:58  Zealot  
  88  6:59  Probe x3  
  95  7:06  Templar Archives  
  95  7:10  Forge  
  95  7:17  Probe x2  
  95  7:19  Zealot  
  95  7:20  Zealot  
  95  7:22  Probe  
  102  7:27  Void Ray  
  102  7:29  Probe x2  
  108  7:34  Pylon x2  
  108  7:38  Probe  
  109  7:45  Nexus  
  109  7:50  Photon Cannon  
  109  7:52  Probe  
  110  7:58  High Templar x2  
  110  7:59  High Templar x3  
  110  8:01  Zealot x2  
  110  8:02  Probe  
  110  8:05  Archon x2  
  125  8:12  Probe x2  
  101  8:24  Zealot x2  
Tags
 
Add a new tag
Caveats
  • Supply blocks, unpowered buildings, or Contaminate may cause inaccurate times.
  • Supply counts are checked every 10 seconds.